 Dungeon Crawl Stone Soup version 0.29.0-15-g675c0067aa (webtiles) character file.

Game seed: 8413683426256174742

250606 qw the Hoplite (level 19, -3/187 HPs)
             Began as a Minotaur Berserker on Sept 12, 2022.
             Was a High Priest of Trog.
             Slain by a vampire knight
             ... wielding a +3 great sword
              (4 damage)
             ... on level 3 of the Vaults.
             The game lasted 00:14:44 (39905 turns).

qw the Hoplite (Minotaur Berserker)                Turns: 39905, Time: 00:14:44

Health: -3/187     AC: 32    Str: 29    XL:     19   Next: 30%
Magic:  18/18      EV: 17    Int:  4    God:    Trog [*****.]
Gold:   2254       SH: 27    Dex: 14    Spells: 18/18 levels left

rFire   . . .      SeeInvis +   c - +8 broad axe of Pride {flame, Will+ Dex+3 SInv}
rCold   . . .      Faith    .   b - +0 tower shield
rNeg    . . .      Spirit   .   A - +2 plate armour {rPois}
rPois   +          Reflect  +   r - +2 hat
rElec   .          Harm     .   (no cloak)
rCorr   .          Rampage  .   i - +2 pair of gloves
Will    ++++.                   z - +1 pair of boots
Stlth   ..........              h - amulet of reflection
HPRegen 1.41/turn               o - +4 ring of evasion
MPRegen 0.16/turn               p - +4 ring of protection

@: strong-willed (expiring), on berserk cooldown, regenerating (expiring),
slowed, glowing, silenced, very slow
A: horns 2, retaliatory headbutt
}: 1/15 runes: gossamer
a: Renounce Religion


You were on level 3 of the Vaults.
You worshipped Trog.
Trog was extremely pleased with you.
You visited 6 branches of the dungeon, and saw 32 of its levels.

You collected 4090 gold pieces.
You spent 1836 gold pieces at shops.


Innate Abilities, Weirdness & Mutations

You have a pair of horns on your head.
You reflexively headbutt those who attack you in melee.


   Skills:
 + Level 20.6 Fighting
 - Level 18.1 Axes
 - Level 11.0 Throwing
 - Level 18.0 Armour
 - Level 13.0 Dodging
 - Level 21.0 Shields


You had 18 spell levels left.
You didn't know any spells.
Your spell library was empty.

Inventory:

Hand Weapons
 c - the +8 broad axe of Pride (weapon) {flame, Will+ Dex+3 SInv}
   (You acquired it on level 5 of the Dungeon)

   It burns those it strikes, dealing additional fire damage.
   Big, fiery blades are also staple armaments of hydra-hunters.
   Dex:       It affects your dexterity (+3).
   SInv:      It lets you see invisible.
   Will:      It increases your willpower.
Missiles
 k - 15 boomerangs (quivered)
 x - 2 silver javelins
Armour
 b - a +0 tower shield (worn)
 d - the +1 ring mail of Dithmenos's Whim {rF++ rC++ Str+3}
   (You found it on level 9 of the Dungeon)

   Str:       It affects your strength (+3).
   rF:        It greatly protects you from fire.
   rC:        It greatly protects you from cold.
 i - a +2 pair of gloves (worn)
 r - a +2 hat (worn)
 u - a +1 chain mail of fire resistance
 y - +0 fire dragon scales
 z - a +1 pair of boots (worn)
 A - a +2 plate armour of poison resistance (worn)
Jewellery
 h - an amulet of reflection (around neck)
 l - a ring of protection from fire
 n - a ring of fire
 o - a +4 ring of evasion (left hand)
 p - a +4 ring of protection (right hand)
Scrolls
 e - 11 scrolls of teleportation
 m - 11 scrolls of identify
 q - 4 scrolls of brand weapon
 w - 3 scrolls of enchant weapon
Potions
 f - 6 potions of haste
 g - 20 potions of curing
 j - 3 potions of cancellation
 s - 6 potions of mutation
 t - 3 potions of might

Dungeon Overview and Level Annotations

Branches:
Dungeon (15/15)            Temple (0/1) D:6            Lair (5/5) D:11
  Swamp (3/4) Lair:3       Spider (4/4) Lair:3        Slime (0/5) Lair:5
    Orc (2/2) D:11            Elf (0/3) Orc:2        Vaults (3/5) D:14
 Depths (0/4) D:15
  Crypt: Vaults:2-3

Altars:
Cheibriados
Dithmenos
Hepliaklqana
Kikubaaqudgha
Uskayaw
Vehumet
Xom
Yredelemnul
Zin
The Shining One
Jiyva

Shops:
D:8 :   D:15 *   Orc:1 [   Orc:2 *?[!   Vaults:1 ?(

Portals:
Abyss: D:7

Annotations:
D:7 2 transporters, qw's ghost, novice MiBe
D:9 3 runed translucent doors, qw's ghost, novice DsCA; qw's ghost, novice TrCA
Orc:2 1 runed translucent door
Vaults:3 Mennas


Message History

The boulder beetle bites you.
Mennas hits you with a +5 sacred scourge of holy wrath!!
Mennas hits you but does no damage.
Your two-headed ogre hits the boulder beetle with a +0 giant club!!
The boulder beetle dies!
Trog accepts your kill. You block the vampire knight's attack.
The vampire knight barely misses you.
39903 ||| DRINKING 3 potions of heal wounds.
You feel much better.
You block Mennas's attack. x2; You block the vampire knight's attack.
The vampire knight bites you but does no damage.
You block the crystal guardian's attack.
Mennas hits you with a +5 sacred scourge of holy wrath!
You block Mennas's attack. You block the vampire knight's attack.
The vampire knight misses you.
The crystal guardian closely misses you.
Mennas misses you. Mennas hits you but does no damage.
39904 ||| DRINKING 2 potions of heal wounds.
You feel much better.
You feel the effects of Trog's Hand fading.
You block the vampire knight's attack.
The vampire knight bites you but does no damage.
You block Mennas's attack. Mennas hits you but does no damage.
The crystal guardian hits you!
The vampire knight hits you but does no damage.
You block the vampire knight's attack.
Mennas hits you with a +5 sacred scourge of holy wrath!
You block Mennas's attack.
39905 ||| DRINKING potion of heal wounds.
You feel much better. You block the vampire knight's attack.
The vampire knight closely misses you.
Mennas is caught in a moment of prayer.
You block Mennas's attack. x2
The crystal guardian fires a crystalline bolt at you.
The crystal bolt burns you!!! The vampire knight barely misses you.
You block the vampire knight's attack. Mennas hits you but does no damage. x2
The crystal guardian hits you but does no damage.
The vampire knight hits you but does no damage.
The vampire knight bites you.
You die...

##.....## ##.....##
#.....## ########.<..##
......##...## ##########
......##'######.........#
......'.......+.........#
......#.......+).9O.....#
......+.......#.@A......#
......#.......#)V)......#
#######.......#.........#
#.......#.........+
##########''######
#.......# #.##<##.#
#.##.##.# #.......#


You could see Mennas (silencing), a vampire knight (fast, invisible), a crystal
guardian (unsilenced, ally target) and a friendly two-headed ogre (summoned,
berserk, confused).

Vanquished Creatures
  Boris (Vaults:3)
  Jorgrun (D:14)
  Gastronok (D:8)
  A sphinx (Vaults:2)
  Kirke (D:13)
  A tengu reaver (Vaults:2)
  Louise (Swamp:2)
  4 emperor scorpions
  5 vault wardens
  4 ghost moths
  3 broodmothers
  8 ironbound preservers
  A very ugly thing (Spider:2)
  5 ironbound thunderhulks
  An eleionoma (Swamp:1)
  2 bunyips
  4 entropy weavers
  4 dire elephants
  A spark wasp (Spider:4)
  3 great orbs of eyes
  2 shambling mangroves
  A fire dragon (D:15)
  4 yaktaur captains
  Josephine (D:14)
  5 hydras
  5 vault guards
  9 boulder beetles
  4 jorogumos
  3 ghost crabs
  A peacekeeper (Vaults:3)
  3 radroaches
  6 two-headed ogres
  4 ironbound frosthearts
  7 centaur warriors
  A death knight (D:15)
  Erica (Orc:1)
  A spriggan air mage (Swamp:3)
  9 death yaks
  2 tengu warriors (D:14)
  3 alligators
  5 orc high priests
  Sonja (Orc:1)
  7 skeletal warriors
  6 pharaoh ants
  3 sun moths (Spider:4)
  Amaemon (D:10)
  A goliath frog (Swamp:2)
  Lodul (D:13)
  A spriggan druid (Swamp:1)
  26 deep trolls
  3 swamp dragons
  6 bog bodies
  5 orb spiders
  10 steelbarb worms
  5 wizards
  A wolf spider (shapeshifter) (D:10)
  2 deep elf pyromancers
  2 harpies (Vaults:2)
  13 ironbound convokers
  A deep elf zephyrmancer (D:11)
  4 orc knights
  A phantasmal warrior (D:15)
  2 necromancers
  7 lindwurms
  32 ugly things
  18 wolf spiders
  7 orc sorcerers
  3 will-o-the-wisps (Swamp:1)
  9 elephants
  3 manticores
  A guardian serpent (Lair:5)
  4 cyclopes
  A moth of wrath (Spider:3)
  4 oklob plants
  11 black mambas
  7 vault sentinels
  Joseph (D:8)
  An orange demon (D:10)
  2 kobold demonologists (D:10)
  4 torpor snails
  An unseen horror (D:11)
  16 cane toads
  2 gargoyles
  2 rime drakes
  9 demonic crawlers
  8 komodo dragons
  22 yaktaurs
  2 efreet
  2 freezing wraiths (D:15)
  3 meliai (D:15)
  A merfolk (shapeshifter) (D:14)
  A queen bee (Lair:1)
  A polar bear (Lair:2)
  11 hornets
  6 trolls
  6 tyrant leeches
  23 tarantellas
  Grinder (D:6)
  Prince Ribbit (D:7)
  A stone giant simulacrum (Vaults:1)
  An ettin zombie (Vaults:1)
  13 dream sheep
  29 slime creatures
  5 blink frogs (Lair:4)
  A spriggan (Swamp:1)
  3 shadows
  20 jumping spiders
  A centaur simulacrum (D:14)
  A vampire (D:12)
  2 water elementals (D:15)
  18 culicivoras
  Eustachio (D:6)
  5 wraiths
  2 hogs (D:13)
  9 humans (D:14)
  37 yaks
  14 wyverns
  8 basilisks
  48 redbacks
  3 vampire mosquitoes (D:12)
  Menkaure (D:5)
  16 swamp worms
  3 wargs
  2 acid dragons
  32 water moccasins
  A floating eye (Lair:4)
  24 orc warriors
  2 swamp drakes
  A black bear (D:6)
  An ice beast (D:7)
  14 ogres
  8 wolves
  11 boggarts
  7 centaurs
  A phantom (D:4)
  An elf simulacrum (Vaults:1)
  4 kobold brigands
  12 bullfrogs
  A necrophage (D:6)
  4 scorpions
  4 wights (D:10)
  30 killer bees
  3 electric eels
  A howler monkey (D:10)
  A crimson imp (D:11)
  2 jellies
  3 hounds
  13 orc priests
  An iron imp (D:11)
  18 orc wizards
  7 hell rats (Lair:2)
  3 yak simulacra (Lair:3)
  4 polar bear simulacra (Lair:3)
  A wolf simulacrum (Lair:3)
  7 gnolls
  9 adders
  2 shadow imps
  3 white imps
  4 ufetubi
  3 worms
  3 dart slugs
  71 orcs
  10 bats
  5 endoplasms
  4 hobgoblins
  7 jackals
  5 quokkas
  A ball python (D:1)
  5 frilled lizards
  12 goblins
  20 kobolds
  5 rats
  3 river rat simulacra (Lair:3)
  A spectral orc (D:7)
1103 creatures vanquished.

Vanquished Creatures (collateral kills)
  Frances (D:13)
  An ironbound thunderhulk (Vaults:1)
  An entropy weaver (Spider:4)
  A crystal guardian (Vaults:3)
  A fire dragon (D:15)
  2 boulder beetles
  2 hydras
  2 radroaches (Spider:4)
  4 death yaks
  A deep troll (Vaults:3)
  A sun moth (Spider:4)
  10 orb spiders
  A harpy (Vaults:2)
  An ironbound convoker (Vaults:3)
  2 orc knights (Orc:2)
  3 wolf spiders
  An orc sorcerer (Orc:2)
  3 oklob plants
  2 torpor snails
  A yaktaur (Vaults:3)
  A tarantella (Spider:4)
  5 jumping spiders (Spider:4)
  A culicivora (Spider:2)
  A redback (Spider:4)
  A water moccasin (Lair:5)
  An orc warrior (Orc:1)
  A boggart (Vaults:1)
  2 orc priests
  An orc wizard (Orc:1)
  4 orcs
59 creatures vanquished.

Vanquished Creatures (others)
  Arachne (Spider:4)
  A bloated husk (Swamp:2)
  2 humans (D:13)
  An orc (D:11)
  6 foxfires (Swamp:1)
  31 fungi
  76 plants
118 creatures vanquished.

Grand Total: 1280 creatures vanquished

Notes
Turn   | Place    | Note
-------+----------+-------------------------------------------
     0 | D:1      | qw the Minotaur Berserker began the quest for the Orb.
     0 | D:1      | Reached XP level 1. HP: 19/19 MP: 0/0
     0 | D:1      | 0 ||| qw: Version: 0.1-a-119-g272c26d
     0 | D:1      | 0 ||| qw: Game counter: 10827
     0 | D:1      | 0 ||| qw: Always use a shield: true
     0 | D:1      | 0 ||| qw: Do Orc after D:15 true
     0 | D:1      | 0 ||| qw: Do second Lair branch before Depths: true
     0 | D:1      | 0 ||| qw: Lair rune preference: random
     0 | D:1      | 0 ||| qw: Plans: Normal
     0 | D:1      | 0 ||| PLANNING D:1-11
   146 | D:1      | 146 ||| Stepping ~*~*~tactically~*~*~ (stealth).
   148 | D:1      | Reached XP level 2. HP: 26/26 MP: 1/1
   148 | D:1      | 148 ||| Stepping ~*~*~tactically~*~*~ (stealth).
   149 | D:1      | 149 ||| Stepping ~*~*~tactically~*~*~ (stealth).
   222 | D:1      | Found a faded altar of an unknown god.
   436 | D:1      | Reached ** piety under Trog
   551 | D:1      | Reached XP level 3. HP: 31/31 MP: 2/2
   693 | D:1      | 693 ||| READING 2 scrolls labelled TUEBBA TELOWU.
   694 | D:1      | 694 ||| DROPPING scroll of poison.
   695 | D:1      | 695 ||| Stepping randomly (stuck).
   696 | D:1      | 696 ||| Stepping ~*~*~tactically~*~*~ (cloud).
   901 | D:2      | 901 ||| INVOKING Berserk.
   908 | D:2      | 908 ||| STAIRDANCE
  1073 | D:2      | 1073 ||| Stepping ~*~*~tactically~*~*~ (hiding).
  1078 | D:2      | 1078 ||| Stepping ~*~*~tactically~*~*~ (hiding).
  1079 | D:2      | 1079 ||| Stepping ~*~*~tactically~*~*~ (hiding).
  1080 | D:2      | 1080 ||| Stepping ~*~*~tactically~*~*~ (hiding).
  1081 | D:2      | 1081 ||| Stepping ~*~*~tactically~*~*~ (hiding).
  1085 | D:2      | 1085 ||| INVOKING Berserk.
  1100 | D:2      | Reached skill level 6 in Axes
  1100 | D:2      | Reached XP level 4. HP: 29/39 MP: 3/3
  1202 | D:2      | Found an ancient bone altar of Kikubaaqudgha.
  1539 | D:2      | 1539 ||| UPGRADING to +0 ring mail.
  1549 | D:2      | 1549 ||| DROPPING +0 animal skin.
  1550 | D:2      | 1550 ||| READING 2 scrolls labelled XYMONI XIAX.
  1555 | D:2      | 1555 ||| READING scroll labelled NUOSIZ BEITT.
  1556 | D:2      | 1556 ||| READING scroll labelled TUTZOWAEPLI.
  1557 | D:2      | 1557 ||| READING scroll labelled LYRHUQ IJOIHI.
  1558 | D:2      | 1558 ||| READING scroll labelled NAQANO VIUWKI.
  1559 | D:2      | 1559 ||| READING 3 scrolls labelled BOILAITARCH.
  1560 | D:2      | 1560 ||| DRINKING 2 sapphire potions.
  1561 | D:2      | 1561 ||| DROPPING 2 scrolls of noise.
  1596 | D:3      | You fall into a shaft and drop 2 floors!
  1596 | D:5      | Entered Level 5 of the Dungeon
  1600 | D:5      | Noticed an ogre
  1605 | D:5      | 1605 ||| INVOKING Berserk.
  1608 | D:5      | Killed an ogre
  1609 | D:5      | Reached XP level 5. HP: 32/45 MP: 4/4
  1800 | D:5      | 1800 ||| INVOKING Berserk.
  1926 | D:5      | 1926 ||| INVOKING Berserk.
  2181 | D:5      | 2181 ||| Stepping ~*~*~tactically~*~*~ (hiding).
  2183 | D:5      | 2183 ||| INVOKING Berserk.
  2188 | D:5      | Reached XP level 6. HP: 52/52 MP: 5/5
  2260 | D:5      | 2260 ||| Stepping ~*~*~tactically~*~*~ (hiding).
  2262 | D:5      | 2262 ||| Stepping ~*~*~tactically~*~*~ (hiding).
  2265 | D:5      | 2265 ||| INVOKING Berserk.
  2428 | D:5      | 2428 ||| DROPPING +0 mace.
  2433 | D:5      | 2433 ||| Stepping ~*~*~tactically~*~*~ (water).
  2481 | D:4      | 2481 ||| PLANNING SEWER
  2496 | D:4      | 2496 ||| SWAPPING to +2 hand axe of draining.
  2497 | D:4      | 2497 ||| DROPPING +0 hand axe.
  2558 | D:4      | 2558 ||| Stepping ~*~*~tactically~*~*~ (stealth).
  2560 | D:4      | 2560 ||| Stepping ~*~*~tactically~*~*~ (hiding).
  2689 | D:4      | Found a shadowy altar of Dithmenos.
  2733 | D:4      | Reached skill level 9 in Axes
  2844 | D:4      | 2844 ||| Stepping ~*~*~tactically~*~*~ (hiding).
  2851 | D:4      | 2851 ||| INVOKING Berserk.
  3055 | D:4      | 3055 ||| INVOKING Berserk.
  3058 | D:4      | Reached XP level 7. HP: 61/61 MP: 6/6
  3190 | D:4      | 3190 ||| Stepping ~*~*~tactically~*~*~ (stealth).
  3192 | D:4      | 3192 ||| RIP SEWER
  3193 | D:4      | 3193 ||| PLANNING D:1-11
  3198 | D:4      | 3198 ||| UPGRADING to +0 pair of gloves.
  3203 | D:4      | 3203 ||| READING 2 scrolls labelled DESSEL KOYMOSH.
  3204 | D:4      | 3204 ||| DROPPING scroll of magic mapping.
  3206 | D:4      | 3206 ||| FLEEEEING.
  3207 | D:4      | 3207 ||| FLEEEEING.
  3210 | D:4      | 3210 ||| FLEEEEING.
  3211 | D:4      | 3211 ||| FLEEEEING.
  3212 | D:4      | 3212 ||| FLEEEEING.
  3213 | D:4      | 3213 ||| FLEEEEING.
  3214 | D:4      | 3214 ||| FLEEEEING.
  3215 | D:4      | 3215 ||| FLEEEEING.
  3216 | D:4      | 3216 ||| FLEEEEING.
  3217 | D:4      | 3217 ||| FLEEEEING.
  3218 | D:4      | 3218 ||| FLEEEEING.
  3219 | D:4      | 3219 ||| FLEEEEING.
  3220 | D:4      | 3220 ||| FLEEEEING.
  3221 | D:4      | 3221 ||| FLEEEEING.
  3223 | D:4      | 3223 ||| FLEEEEING.
  3224 | D:4      | 3224 ||| FLEEEEING.
  3225 | D:4      | 3225 ||| FLEEEEING.
  3226 | D:4      | 3226 ||| FLEEEEING.
  3227 | D:4      | 3227 ||| FLEEEEING.
  3229 | D:4      | 3229 ||| FLEEEEING.
  3230 | D:4      | 3230 ||| FLEEEEING.
  3231 | D:4      | 3231 ||| FLEEEEING.
  3232 | D:4      | 3232 ||| FLEEEEING.
  3233 | D:4      | 3233 ||| FLEEEEING.
  3234 | D:4      | 3234 ||| FLEEEEING.
  3235 | D:4      | 3235 ||| FLEEEEING.
  3236 | D:4      | 3236 ||| FLEEEEING.
  3237 | D:4      | 3237 ||| FLEEEEING.
  3238 | D:4      | 3238 ||| FLEEEEING.
  3240 | D:4      | 3240 ||| STAIRDANCE
  3244 | D:3      | 3244 ||| Stepping ~*~*~tactically~*~*~ (stealth).
  3286 | D:3      | Found a glowing silver altar of Zin.
  3372 | D:3      | 3372 ||| Stepping ~*~*~tactically~*~*~ (hiding).
  3485 | D:3      | 3485 ||| Stepping ~*~*~tactically~*~*~ (stealth).
  3489 | D:3      | 3489 ||| INVOKING Berserk.
  3669 | D:3      | 3669 ||| Stepping ~*~*~tactically~*~*~ (hiding).
  3852 | D:3      | 3852 ||| Stepping ~*~*~tactically~*~*~ (stealth).
  3871 | D:3      | 3871 ||| Stepping ~*~*~tactically~*~*~ (stealth).
  4123 | D:3      | 4123 ||| UPGRADING to +0 scale mail.
  4133 | D:3      | 4133 ||| DROPPING +0 ring mail.
  4180 | D:4      | Found a hide-covered altar of Uskayaw.
  4218 | D:4      | Found a glowing golden altar of the Shining One.
  4478 | D:4      | 4478 ||| UPGRADING to +0 chain mail.
  4488 | D:4      | 4488 ||| DROPPING +0 scale mail.
  4581 | D:4      | 4581 ||| READING scroll labelled XAIKAO JEBI.
  4582 | D:4      | 4582 ||| READING scroll labelled FEALAT HOCA.
  4650 | D:5      | Identified the +8 trident "Zejopoarr" {drain, rCorr Str+3
                  | SInv}
  4921 | D:5      | Noticed Menkaure
  4922 | D:5      | 4922 ||| Stepping ~*~*~tactically~*~*~ (stealth).
  4934 | D:5      | 4934 ||| Stepping ~*~*~tactically~*~*~ (hiding).
  4936 | D:5      | 4936 ||| Stepping ~*~*~tactically~*~*~ (hiding).
  4938 | D:5      | 4938 ||| Stepping ~*~*~tactically~*~*~ (hiding).
  4945 | D:5      | 4945 ||| INVOKING Berserk.
  4948 | D:5      | Killed Menkaure
  5081 | D:5      | 5081 ||| Stepping ~*~*~tactically~*~*~ (stealth).
  5083 | D:5      | 5083 ||| Stepping ~*~*~tactically~*~*~ (hiding).
  5149 | D:5      | Reached skill level 1 in Throwing
  5367 | D:5      | 5367 ||| READING scroll labelled DEEMACV JUILL.
  5367 | D:5      | Identified a scroll of acquirement
  5367 | D:5      | 5367 ||| ACQUIRING +8 broad axe of Pride {flame, Will+
                  | Dex+3 SInv}
  5367 | D:5      | Acquired the +8 broad axe of Pride {flame, Will+ Dex+3
                  | SInv}
  5369 | D:5      | 5369 ||| SWAPPING to +8 broad axe of Pride {flame, Will+
                  | Dex+3 SInv}.
  5370 | D:5      | 5370 ||| DROPPING +0 flail.
  5371 | D:5      | 5371 ||| DROPPING +2 hand axe of draining.
  5372 | D:5      | 5372 ||| DRINKING 2 lumpy brown potions.
  5473 | D:5      | 5473 ||| READING 2 scrolls of identify.
  5473 | D:5      | 5473 ||| IDENTIFYING puce potion
  5474 | D:5      | 5474 ||| DROPPING potion of brilliance.
  5475 | D:5      | 5475 ||| DROPPING potion of ambrosia.
  5522 | D:6      | Reached XP level 8. HP: 64/70 MP: 7/7
  5609 | D:6      | 5609 ||| INVOKING Berserk.
  5612 | D:6      | Reached skill level 6 in Fighting
  5768 | D:6      | Noticed Eustachio
  5770 | D:6      | 5770 ||| Stepping ~*~*~tactically~*~*~ (hiding).
  5773 | D:6      | 5773 ||| INVOKING Berserk.
  5775 | D:6      | Killed Eustachio
  5997 | D:6      | Found a radiant altar of Vehumet.
  6060 | D:6      | Noticed Grinder
  6061 | D:6      | 6061 ||| INVOKING Trog's Hand.
  6064 | D:6      | 6064 ||| INVOKING Berserk.
  6065 | D:6      | Killed Grinder
  6187 | D:6      | Found a staircase to the Ecumenical Temple.
  6338 | D:6      | 6338 ||| Stepping ~*~*~tactically~*~*~ (stealth).
  6540 | D:6      | 6540 ||| UPGRADING to amulet of regeneration.
  6545 | D:6      | 6545 ||| READING scroll labelled NAECYCV DOGYOTT.
  6546 | D:6      | 6546 ||| READING scroll labelled YBONODIOJE.
  6547 | D:6      | 6547 ||| DRINKING 2 fuming purple potions.
  6548 | D:6      | 6548 ||| READING 3 scrolls of identify.
  6548 | D:6      | 6548 ||| IDENTIFYING bubbling cyan potion
  6549 | D:6      | 6549 ||| READING 2 scrolls of identify.
  6549 | D:6      | 6549 ||| IDENTIFYING golden potion
  6550 | D:6      | 6550 ||| DROPPING potion of degeneration.
  6723 | D:7      | Found a snail-covered altar of Cheibriados.
  6735 | D:7      | Reached skill level 12 in Axes
  6745 | D:7      | Noticed a hornet
  6747 | D:7      | Paralysed by a hornet for 3 turns
  6751 | D:7      | Killed a hornet
  6964 | D:7      | Noticed Prince Ribbit
  6968 | D:7      | 6968 ||| INVOKING Berserk.
  6970 | D:7      | Killed Prince Ribbit
  6971 | D:7      | Reached skill level 3 in Dodging
  6971 | D:7      | Reached XP level 9. HP: 79/79 MP: 8/8
  7120 | D:7      | Noticed an ancient zyme
  7213 | D:7      | Found a transporter.
  7221 | D:7      | Found a one-way gate to the infinite horrors of the Abyss.
  7221 | D:7      | Noticed qw's ghost (novice MiBe)
  7245 | D:7      | Found a transporter.
  7391 | D:7      | Found a basalt altar of Yredelemnul.
  7609 | D:7      | 7609 ||| READING scroll labelled ROP DIUTENN.
  7610 | D:7      | 7610 ||| READING 2 scrolls of identify.
  7610 | D:7      | 7610 ||| IDENTIFYING bubbling yellow potion
  7670 | D:8      | Reached *** piety under Trog
  7672 | D:8      | Found a hazy altar of Hepliaklqana.
  7684 | D:8      | 7684 ||| INVOKING Berserk.
  7826 | D:8      | 7826 ||| Stepping ~*~*~tactically~*~*~ (stealth).
  8018 | D:8      | Noticed Joseph
  8019 | D:8      | 8019 ||| Stepping ~*~*~tactically~*~*~ (hiding).
  8020 | D:8      | 8020 ||| Stepping ~*~*~tactically~*~*~ (hiding).
  8031 | D:8      | Killed Joseph
  8032 | D:8      | Reached skill level 6 in Armour
  8036 | D:8      | 8036 ||| INVOKING Berserk.
  8166 | D:8      | 8166 ||| Stepping ~*~*~tactically~*~*~ (stealth).
  8205 | D:8      | 8205 ||| Stepping ~*~*~tactically~*~*~ (stealth).
  8209 | D:8      | 8209 ||| Stepping ~*~*~tactically~*~*~ (stealth).
  8210 | D:8      | 8210 ||| INVOKING Berserk.
  8357 | D:8      | Noticed a two-headed ogre
  8361 | D:8      | 8361 ||| INVOKING Berserk.
  8366 | D:8      | Killed a two-headed ogre
  8498 | D:8      | Found Cuhunipp's Book Shop.
  8510 | D:8      | 8510 ||| Stepping ~*~*~tactically~*~*~ (stealth).
  8511 | D:8      | 8511 ||| Stepping ~*~*~tactically~*~*~ (stealth).
  8512 | D:8      | 8512 ||| Stepping ~*~*~tactically~*~*~ (stealth).
  8517 | D:8      | Noticed a two-headed ogre
  8518 | D:8      | 8518 ||| INVOKING Berserk.
  8520 | D:8      | Killed a two-headed ogre
  8521 | D:8      | Reached XP level 10. HP: 88/88 MP: 9/9
  8667 | D:8      | Noticed a two-headed ogre
  8669 | D:8      | 8669 ||| INVOKING Berserk.
  8671 | D:8      | Killed a two-headed ogre
  8672 | D:8      | Reached skill level 15 in Axes
  8686 | D:8      | 8686 ||| Stepping ~*~*~tactically~*~*~ (stealth).
  8792 | D:8      | 8792 ||| Stepping ~*~*~tactically~*~*~ (stealth).
  8794 | D:8      | 8794 ||| Stepping ~*~*~tactically~*~*~ (stealth).
  8796 | D:8      | 8796 ||| Stepping ~*~*~tactically~*~*~ (stealth).
  8799 | D:8      | 8799 ||| Stepping ~*~*~tactically~*~*~ (stealth).
  8963 | D:8      | Found a shimmering altar of Xom.
  9090 | D:8      | Noticed Gastronok
  9095 | D:8      | 9095 ||| INVOKING Berserk.
  9102 | D:8      | Killed Gastronok
  9392 | D:8      | 9392 ||| UPGRADING to +0 plate armour.
  9402 | D:8      | 9402 ||| DROPPING +0 chain mail.
  9403 | D:8      | 9403 ||| DROPPING amulet of guardian spirit.
  9404 | D:8      | 9404 ||| READING 2 scrolls of identify.
  9404 | D:8      | 9404 ||| IDENTIFYING silvery potion
  9448 | D:9      | 9448 ||| INVOKING Berserk.
  9550 | D:9      | Identified the +1 ring mail of Dithmenos's Whim {rF++ rC++
                  | Str+3}
  9624 | D:9      | 9624 ||| Stepping ~*~*~tactically~*~*~ (stealth).
  9628 | D:9      | 9628 ||| Stepping ~*~*~tactically~*~*~ (stealth).
  9632 | D:9      | 9632 ||| Stepping ~*~*~tactically~*~*~ (stealth).
  9643 | D:9      | 9643 ||| FLEEEEING.
  9644 | D:9      | 9644 ||| FLEEEEING.
  9645 | D:9      | 9645 ||| FLEEEEING.
  9646 | D:9      | 9646 ||| FLEEEEING.
  9647 | D:9      | 9647 ||| FLEEEEING.
  9648 | D:9      | 9648 ||| FLEEEEING.
  9649 | D:9      | 9649 ||| STAIRDANCE
  9698 | D:8      | 9698 ||| UPGRADING to +1 ring mail of Dithmenos's Whim
                  | {rF++ rC++ Str+3}.
  9708 | D:8      | 9708 ||| READING scroll labelled VUTANK XIUNOG.
  9709 | D:8      | 9709 ||| READING 4 scrolls of identify.
  9709 | D:8      | 9709 ||| IDENTIFYING black potion
  9710 | D:8      | 9710 ||| READING 3 scrolls of identify.
  9710 | D:8      | 9710 ||| IDENTIFYING purple potion
  9711 | D:8      | 9711 ||| READING 2 scrolls of identify.
  9711 | D:8      | 9711 ||| IDENTIFYING fuming amethyst potion
  9712 | D:8      | 9712 ||| DROPPING potion of flight.
  9713 | D:8      | 9713 ||| DROPPING potion of attraction.
  9714 | D:8      | 9714 ||| DROPPING potion of berserk rage.
  9820 | D:9      | 9820 ||| Stepping ~*~*~tactically~*~*~ (stealth).
  9830 | D:9      | 9830 ||| Stepping ~*~*~tactically~*~*~ (stealth).
  9830 | D:9      | Found a flagged portal.
  9903 | D:9      | Found a runed translucent gate.
  9903 | D:9      | Found a runed translucent gate.
  9904 | D:9      | Found a runed translucent gate.
  9906 | D:9      | Noticed qw's ghost (novice TrCA)
  9906 | D:9      | Noticed qw's ghost (novice DsCA)
 10036 | D:9      | 10036 ||| INVOKING Berserk.
 10235 | D:9      | 10235 ||| UPGRADING to +6 ring of strength.
 10267 | D:10     | Entered Level 10 of the Dungeon
 10278 | D:10     | 10278 ||| INVOKING Berserk.
 10280 | D:10     | Reached XP level 11. HP: 101/101 MP: 10/10
 10520 | D:10     | Noticed Amaemon
 10523 | D:10     | 10523 ||| INVOKING Berserk.
 10526 | D:10     | Killed Amaemon
 10641 | D:10     | 10641 ||| Stepping ~*~*~tactically~*~*~ (stealth).
 10643 | D:10     | 10643 ||| Stepping ~*~*~tactically~*~*~ (stealth).
 10840 | D:10     | 10840 ||| INVOKING Berserk.
 11162 | D:10     | Noticed a cyan ugly thing
 11168 | D:10     | Killed a cyan ugly thing
 11187 | D:10     | Noticed a mana viper
 11188 | D:10     | 11188 ||| Stepping ~*~*~tactically~*~*~ (stealth).
 11192 | D:10     | Noticed an orc knight
 11193 | D:10     | 11193 ||| Stepping ~*~*~tactically~*~*~ (stealth).
 11194 | D:10     | 11194 ||| Stepping ~*~*~tactically~*~*~ (stealth).
 11195 | D:10     | 11195 ||| Stepping ~*~*~tactically~*~*~ (stealth).
 11198 | D:10     | 11198 ||| INVOKING Berserk.
 11201 | D:10     | Killed an orc knight
 11220 | D:10     | 11220 ||| Stepping ~*~*~tactically~*~*~ (stealth).
 11321 | D:10     | Noticed a centaur warrior
 11322 | D:10     | 11322 ||| Stepping ~*~*~tactically~*~*~ (stealth).
 11324 | D:10     | 11324 ||| Stepping ~*~*~tactically~*~*~ (hiding).
 11325 | D:10     | Noticed a wolf spider
 11326 | D:10     | 11326 ||| INVOKING Berserk.
 11330 | D:10     | Killed a centaur warrior
 11334 | D:10     | Killed a wolf spider
 11337 | D:10     | HP: 36/151 [poisoned by a wolf spider]
 11339 | D:10     | 11339 ||| DRINKING 8 potions of curing.
 11339 | D:10     | 11339 ||| (to cure poison)
 11775 | D:10     | 11775 ||| UPGRADING to +4 ring of protection.
 11845 | D:11     | Found a staircase to the Lair.
 11845 | D:11     | Noticed a boulder beetle
 11851 | D:11     | 11851 ||| INVOKING Berserk.
 11853 | D:11     | Reached skill level 18 in Axes
 11857 | D:11     | Killed a boulder beetle
 11858 | D:11     | Reached skill level 6 in Dodging
 11881 | D:11     | Reached **** piety under Trog
 12007 | D:11     | Identified the +1 scale mail of the Wild Haggis {Dex+2}
 12048 | D:11     | Reached XP level 12. HP: 100/110 MP: 11/11
 12083 | D:11     | 12083 ||| INVOKING Berserk.
 12112 | D:11     | 12112 ||| FLEEEEING.
 12117 | D:11     | 12117 ||| FLEEEEING.
 12118 | D:11     | 12118 ||| FLEEEEING.
 12120 | D:11     | 12120 ||| FLEEEEING.
 12121 | D:11     | 12121 ||| FLEEEEING.
 12122 | D:11     | 12122 ||| FLEEEEING.
 12123 | D:11     | 12123 ||| Stepping ~*~*~tactically~*~*~ (hiding).
 12124 | D:11     | 12124 ||| Stepping ~*~*~tactically~*~*~ (hiding).
 12126 | D:11     | 12126 ||| Stepping ~*~*~tactically~*~*~ (hiding).
 12127 | D:11     | 12127 ||| Stepping ~*~*~tactically~*~*~ (hiding).
 12128 | D:11     | 12128 ||| Stepping ~*~*~tactically~*~*~ (hiding).
 12137 | D:11     | 12137 ||| Stepping ~*~*~tactically~*~*~ (hiding).
 12138 | D:11     | 12138 ||| Stepping ~*~*~tactically~*~*~ (hiding).
 12152 | D:11     | 12152 ||| Stepping ~*~*~tactically~*~*~ (stealth).
 12200 | D:11     | Found a staircase to the Orcish Mines.
 12240 | D:11     | 12240 ||| Stepping ~*~*~tactically~*~*~ (hiding).
 12247 | D:11     | 12247 ||| Stepping ~*~*~tactically~*~*~ (hiding).
 12291 | D:11     | Noticed a two-headed ogre
 12294 | D:11     | Killed a two-headed ogre
 12295 | D:11     | Reached skill level 12 in Fighting
 12311 | D:11     | 12311 ||| FLEEEEING.
 12312 | D:11     | 12312 ||| FLEEEEING.
 12317 | D:11     | 12317 ||| STAIRDANCE
 12364 | D:10     | 12364 ||| DROPPING ring of protection from cold.
 12377 | D:11     | 12377 ||| INVOKING Berserk.
 12539 | D:11     | Noticed a boulder beetle
 12544 | D:11     | 12544 ||| INVOKING Berserk.
 12550 | D:11     | Killed a boulder beetle
 12746 | D:11     | 12746 ||| Stepping ~*~*~tactically~*~*~ (stealth).
 12748 | D:11     | 12748 ||| Stepping ~*~*~tactically~*~*~ (stealth).
 12750 | D:11     | 12750 ||| Stepping ~*~*~tactically~*~*~ (hiding).
 12773 | D:11     | 12773 ||| Stepping ~*~*~tactically~*~*~ (stealth).
 12781 | D:11     | 12781 ||| Stepping ~*~*~tactically~*~*~ (hiding).
 13240 | D:11     | 13240 ||| Stepping ~*~*~tactically~*~*~ (hiding).
 13354 | D:11     | 13354 ||| DRINKING 2 potions of resistance.
 13456 | D:11     | 13456 ||| PLANNING LAIR
 13456 | D:11     | 13456 ||| UPGRADING to +1 hat.
 13461 | D:11     | 13461 ||| DROPPING +1 hat.
 13485 | Lair:1   | Entered Level 1 of the Lair of Beasts
 13508 | Lair:1   | 13508 ||| Stepping ~*~*~tactically~*~*~ (stealth).
 13509 | Lair:1   | 13509 ||| Stepping ~*~*~tactically~*~*~ (stealth).
 13513 | Lair:1   | Reached skill level 3 in Throwing
 13565 | Lair:1   | 13565 ||| Stepping ~*~*~tactically~*~*~ (stealth).
 13600 | Lair:1   | Identified the +1 leather armour of Pride {Harm}
 13688 | Lair:1   | Reached skill level 9 in Dodging
 13919 | Lair:1   | Reached ***** piety under Trog
 13920 | Lair:1   | 13920 ||| INVOKING Berserk.
 14402 | Lair:1   | 14402 ||| DROPPING ring of willpower.
 14403 | Lair:1   | 14403 ||| READING 2 scrolls of identify.
 14403 | Lair:1   | 14403 ||| IDENTIFYING amethyst potion
 14404 | Lair:1   | 14404 ||| DROPPING potion of magic.
 14426 | Lair:2   | 14426 ||| Stepping ~*~*~tactically~*~*~ (stealth).
 14427 | Lair:2   | 14427 ||| Stepping ~*~*~tactically~*~*~ (stealth).
 14480 | Lair:2   | 14480 ||| INVOKING Berserk.
 14658 | Lair:2   | 14658 ||| INVOKING Berserk.
 14885 | Lair:2   | Noticed a death yak
 14886 | Lair:2   | 14886 ||| Stepping ~*~*~tactically~*~*~ (stealth).
 14896 | Lair:2   | Noticed a death yak
 14897 | Lair:2   | 14897 ||| INVOKING Brothers in Arms.
 14898 | Lair:2   | Noticed a death yak
 14898 | Lair:2   | Noticed a death yak
 14900 | Lair:2   | 14900 ||| INVOKING Berserk.
 14902 | Lair:2   | Killed a death yak
 14903 | Lair:2   | Reached skill level 15 in Fighting
 14905 | Lair:2   | Killed a death yak
 14906 | Lair:2   | Reached XP level 13. HP: 126/126 MP: 12/12
 15453 | Lair:2   | 15453 ||| DROPPING ring of magical power.
 15454 | Lair:2   | 15454 ||| READING 2 scrolls of identify.
 15454 | Lair:2   | 15454 ||| IDENTIFYING grey potion
 15455 | Lair:2   | 15455 ||| DROPPING potion of lignification.
 15467 | Lair:3   | 15467 ||| STAIRDANCE
 15521 | Lair:3   | 15521 ||| Stepping ~*~*~tactically~*~*~ (hiding).
 15667 | Lair:3   | 15667 ||| READING scroll of enchant armour.
 15667 | Lair:3   | 15667 ||| ENCHANTING +0 pair of gloves.
 15791 | Lair:3   | Found a hole to the Spider Nest.
 16068 | Lair:3   | 16068 ||| INVOKING Berserk.
 16189 | Lair:3   | Found a staircase to the Swamp.
 16192 | Lair:3   | 16192 ||| INVOKING Berserk.
 16381 | Lair:3   | 16381 ||| Stepping ~*~*~tactically~*~*~ (hiding).
 16514 | Lair:3   | 16514 ||| FLEEEEING.
 16600 | Lair:3   | 16600 ||| UPGRADING to +4 ring of evasion.
 16602 | Lair:3   | 16602 ||| DROPPING +6 ring of strength.
 16627 | Lair:4   | 16627 ||| STAIRDANCE
 16639 | Lair:4   | 16639 ||| INVOKING Berserk.
 16851 | Lair:4   | 16851 ||| Stepping ~*~*~tactically~*~*~ (stealth).
 16975 | Lair:4   | 16975 ||| INVOKING Brothers in Arms.
 16981 | Lair:4   | 16981 ||| INVOKING Berserk.
 17183 | Lair:4   | 17183 ||| Stepping ~*~*~tactically~*~*~ (stealth).
 17184 | Lair:4   | 17184 ||| Stepping ~*~*~tactically~*~*~ (stealth).
 17185 | Lair:4   | 17185 ||| Stepping ~*~*~tactically~*~*~ (stealth).
 17194 | Lair:4   | 17194 ||| Stepping ~*~*~tactically~*~*~ (stealth).
 17201 | Lair:4   | 17201 ||| INVOKING Berserk.
 17447 | Lair:4   | 17447 ||| INVOKING Berserk.
 17693 | Lair:4   | 17693 ||| Stepping ~*~*~tactically~*~*~ (hiding).
 17705 | Lair:4   | 17705 ||| INVOKING Berserk.
 17888 | Lair:4   | 17888 ||| Stepping ~*~*~tactically~*~*~ (stealth).
 17889 | Lair:4   | 17889 ||| INVOKING Berserk.
 17908 | Lair:4   | 17908 ||| INVOKING Brothers in Arms.
 17931 | Lair:4   | Reached XP level 14. HP: 119/141 MP: 13/13
 17934 | Lair:4   | Reached skill level 18 in Fighting
 18525 | Lair:4   | 18525 ||| READING 3 scrolls of identify.
 18525 | Lair:4   | 18525 ||| IDENTIFYING metallic ruby potion
 18606 | Lair:5   | Entered Level 5 of the Lair of Beasts
 18632 | Lair:5   | 18632 ||| READING scroll of enchant armour.
 18632 | Lair:5   | 18632 ||| ENCHANTING +1 pair of gloves.
 18657 | Lair:5   | 18657 ||| INVOKING Berserk.
 18828 | Lair:5   | 18828 ||| Stepping ~*~*~tactically~*~*~ (stealth).
 18829 | Lair:5   | 18829 ||| Stepping ~*~*~tactically~*~*~ (stealth).
 18851 | Lair:5   | 18851 ||| Stepping ~*~*~tactically~*~*~ (stealth).
 18853 | Lair:5   | 18853 ||| Stepping ~*~*~tactically~*~*~ (stealth).
 18854 | Lair:5   | 18854 ||| Stepping ~*~*~tactically~*~*~ (stealth).
 18856 | Lair:5   | 18856 ||| Stepping ~*~*~tactically~*~*~ (stealth).
 18858 | Lair:5   | 18858 ||| Stepping ~*~*~tactically~*~*~ (stealth).
 18866 | Lair:5   | Reached skill level 9 in Armour
 18879 | Lair:5   | 18879 ||| INVOKING Berserk.
 19022 | Lair:5   | 19022 ||| Stepping ~*~*~tactically~*~*~ (hiding).
 19031 | Lair:5   | 19031 ||| INVOKING Berserk.
 19073 | Lair:5   | 19073 ||| Stepping ~*~*~tactically~*~*~ (stealth).
 19120 | Lair:5   | 19120 ||| Stepping ~*~*~tactically~*~*~ (stealth).
 19191 | Lair:5   | 19191 ||| Stepping ~*~*~tactically~*~*~ (stealth).
 19204 | Lair:5   | 19204 ||| Stepping ~*~*~tactically~*~*~ (stealth).
 19219 | Lair:5   | 19219 ||| Stepping ~*~*~tactically~*~*~ (stealth).
 19435 | Lair:5   | 19435 ||| Stepping ~*~*~tactically~*~*~ (stealth).
 19464 | Lair:5   | 19464 ||| INVOKING Brothers in Arms.
 19471 | Lair:5   | 19471 ||| INVOKING Berserk.
 19556 | Lair:5   | 19556 ||| Stepping ~*~*~tactically~*~*~ (stealth).
 19602 | Lair:5   | Found a viscous altar of Jiyva.
 19603 | Lair:5   | 19603 ||| FLEEEEING.
 19604 | Lair:5   | 19604 ||| FLEEEEING.
 19605 | Lair:5   | 19605 ||| STAIRDANCE
 19641 | Lair:4   | 19641 ||| READING 3 scrolls of identify.
 19641 | Lair:4   | 19641 ||| IDENTIFYING clear potion
 19655 | Lair:5   | 19655 ||| INVOKING Brothers in Arms.
 19656 | Lair:5   | Found a staircase to the Slime Pits.
 19661 | Lair:5   | 19661 ||| INVOKING Berserk.
 19666 | Lair:5   | Reached skill level 12 in Dodging
 19674 | Lair:5   | Received a gift from Trog
 19678 | Lair:5   | 19678 ||| READING 6 scrolls of teleportation.
 19682 | Lair:5   | 19682 ||| READING 5 scrolls of teleportation.
 19683 | Lair:5   | HP: 27/146 [lindwurm/blast of flame (12)]
 19684 | Lair:5   | 19684 ||| DRINKING 2 potions of heal wounds.
 19686 | Lair:5   | 19686 ||| Stepping ~*~*~tactically~*~*~ (stealth).
 19687 | Lair:5   | 19687 ||| Stepping ~*~*~tactically~*~*~ (stealth).
 19690 | Lair:5   | 19690 ||| READING 4 scrolls of teleportation.
 19694 | Lair:5   | 19694 ||| READING 3 scrolls of teleportation.
 19797 | Lair:5   | 19797 ||| Stepping ~*~*~tactically~*~*~ (stealth).
 19798 | Lair:5   | 19798 ||| Stepping ~*~*~tactically~*~*~ (stealth).
 19800 | Lair:5   | 19800 ||| Stepping ~*~*~tactically~*~*~ (stealth).
 19876 | Lair:5   | 19876 ||| Stepping ~*~*~tactically~*~*~ (stealth).
 19890 | Lair:5   | 19890 ||| Stepping ~*~*~tactically~*~*~ (hiding).
 19892 | Lair:5   | 19892 ||| Stepping ~*~*~tactically~*~*~ (hiding).
 19893 | Lair:5   | 19893 ||| Stepping ~*~*~tactically~*~*~ (stealth).
 19894 | Lair:5   | 19894 ||| Stepping ~*~*~tactically~*~*~ (hiding).
 19936 | Lair:5   | 19936 ||| Stepping ~*~*~tactically~*~*~ (stealth).
 19937 | Lair:5   | 19937 ||| Stepping ~*~*~tactically~*~*~ (stealth).
 20067 | Lair:5   | 20067 ||| INVOKING Brothers in Arms.
 20070 | Lair:5   | 20070 ||| INVOKING Berserk.
 20174 | Lair:5   | 20174 ||| Stepping ~*~*~tactically~*~*~ (stealth).
 20175 | Lair:5   | 20175 ||| Stepping ~*~*~tactically~*~*~ (stealth).
 20201 | Lair:5   | 20201 ||| Stepping ~*~*~tactically~*~*~ (stealth).
 20515 | Lair:5   | 20515 ||| PLANNING D
 20515 | Lair:5   | 20515 ||| DROPPING scarf of shadows.
 20516 | Lair:5   | 20516 ||| DROPPING +6 ring of dexterity.
 20909 | D:12     | 20909 ||| Stepping ~*~*~tactically~*~*~ (hiding).
 21518 | D:12     | 21518 ||| READING scroll labelled ZEEWEM ORPHIVOUW.
 21519 | D:12     | 21519 ||| READING 2 scrolls of identify.
 21519 | D:12     | 21519 ||| IDENTIFYING pink potion
 21520 | D:12     | 21520 ||| DROPPING potion of invisibility.
 21550 | D:13     | 21550 ||| STAIRDANCE
 21567 | D:13     | 21567 ||| STAIRDANCE
 21658 | D:13     | 21658 ||| Stepping ~*~*~tactically~*~*~ (hiding).
 21794 | D:13     | 21794 ||| Stepping ~*~*~tactically~*~*~ (stealth).
 21796 | D:13     | Noticed Kirke
 21796 | D:13     | 21796 ||| INVOKING Trog's Hand.
 21797 | D:13     | 21797 ||| Stepping ~*~*~tactically~*~*~ (stealth).
 21801 | D:13     | 21801 ||| INVOKING Brothers in Arms.
 21803 | D:13     | 21803 ||| INVOKING Berserk.
 21809 | D:13     | Killed Kirke
 22064 | D:13     | Noticed Frances
 22065 | D:13     | 22065 ||| INVOKING Berserk.
 22068 | D:13     | Reached XP level 15. HP: 155/155 MP: 14/14
 22081 | D:13     | 22081 ||| INVOKING Brothers in Arms.
 22083 | D:13     | Killed Frances
 22224 | D:13     | 22224 ||| FLEEEEING.
 22225 | D:13     | 22225 ||| FLEEEEING.
 22228 | D:13     | 22228 ||| FLEEEEING.
 22230 | D:13     | Noticed Lodul
 22231 | D:13     | 22231 ||| Stepping ~*~*~tactically~*~*~ (hiding).
 22235 | D:13     | 22235 ||| INVOKING Berserk.
 22239 | D:13     | Killed Lodul
 22538 | D:13     | 22538 ||| INVOKING Berserk.
 22559 | D:13     | HP: 36/155 [skeletal warrior/+2 vampiric glaive (9)]
 22560 | D:13     | 22560 ||| READING 2 scrolls of teleportation.
 22560 | D:13     | HP: 17/155 [skeletal warrior/+2 vampiric glaive (21)]
 22561 | D:13     | 22561 ||| DRINKING potion of heal wounds.
 22838 | D:13     | 22838 ||| UPGRADING to +0 kite shield.
 22843 | D:13     | 22843 ||| DROPPING +2 buckler.
 22866 | D:14     | 22866 ||| Stepping ~*~*~tactically~*~*~ (stealth).
 22868 | D:14     | 22868 ||| INVOKING Berserk.
 22876 | D:14     | Reached skill level 2 in Shields
 23079 | D:14     | Reached skill level 3 in Shields
 23090 | D:14     | Noticed Josephine
 23091 | D:14     | 23091 ||| Stepping ~*~*~tactically~*~*~ (stealth).
 23093 | D:14     | 23093 ||| Stepping ~*~*~tactically~*~*~ (hiding).
 23094 | D:14     | 23094 ||| Stepping ~*~*~tactically~*~*~ (hiding).
 23104 | D:14     | Killed Josephine
 23105 | D:14     | Reached skill level 4 in Shields
 23162 | D:14     | Noticed Jorgrun
 23166 | D:14     | 23166 ||| INVOKING Berserk.
 23171 | D:14     | Killed Jorgrun
 23172 | D:14     | Reached skill level 5 in Shields
 23290 | D:14     | 23290 ||| Stepping ~*~*~tactically~*~*~ (stealth).
 23292 | D:14     | 23292 ||| Stepping ~*~*~tactically~*~*~ (hiding).
 23439 | D:14     | 23439 ||| INVOKING Berserk.
 23449 | D:14     | Reached skill level 6 in Shields
 23501 | D:14     | Identified the +2 robe of Minor Irritation {-Tele rF++}
 23522 | D:14     | Reached skill level 7 in Shields
 23576 | D:14     | Reached skill level 8 in Shields
 23593 | D:14     | Found a gate to the Vaults.
 23664 | D:14     | 23664 ||| Stepping ~*~*~tactically~*~*~ (hiding).
 23858 | D:14     | 23858 ||| Stepping ~*~*~tactically~*~*~ (hiding).
 23867 | D:14     | Reached skill level 9 in Shields
 23974 | D:15     | Entered Level 15 of the Dungeon
 24059 | D:15     | 24059 ||| FLEEEEING.
 24062 | D:15     | 24062 ||| FLEEEEING.
 24063 | D:15     | 24063 ||| FLEEEEING.
 24064 | D:15     | 24064 ||| FLEEEEING.
 24110 | D:15     | 24110 ||| Stepping ~*~*~tactically~*~*~ (stealth).
 24113 | D:15     | 24113 ||| INVOKING Berserk.
 24117 | D:15     | Reached skill level 10 in Shields
 24256 | D:15     | 24256 ||| Stepping ~*~*~tactically~*~*~ (hiding).
 24464 | D:15     | 24464 ||| Stepping ~*~*~tactically~*~*~ (hiding).
 24468 | D:15     | 24468 ||| INVOKING Berserk.
 24482 | D:15     | 24482 ||| Stepping ~*~*~tactically~*~*~ (stealth).
 24487 | D:15     | 24487 ||| Stepping ~*~*~tactically~*~*~ (stealth).
 24489 | D:15     | 24489 ||| INVOKING Brothers in Arms.
 24491 | D:15     | Reached skill level 11 in Shields
 24602 | D:15     | Found a staircase to the Depths.
 24641 | D:15     | Found Bupno's General Store.
 24649 | D:15     | 24649 ||| BUYING potion of curing (48 gold).
 24649 | D:15     | Bought a potion of curing for 48 gold pieces
 24649 | D:15     | 24649 ||| BUYING potion of resistance (160 gold).
 24649 | D:15     | Bought a potion of resistance for 160 gold pieces
 24649 | D:15     | 24649 ||| BUYING scroll of identify (32 gold).
 24649 | D:15     | Bought a scroll of identify for 32 gold pieces
 24712 | D:15     | 24712 ||| Stepping ~*~*~tactically~*~*~ (stealth).
 25095 | D:15     | 25095 ||| PLANNING ORC
 25095 | D:15     | 25095 ||| UPGRADING to +1 chain mail of poison resistance.
 25105 | D:15     | 25105 ||| UPGRADING to +0 pair of boots.
 25218 | Orc:1    | Entered Level 1 of the Orcish Mines
 25218 | Orc:1    | Noticed Erica
 25219 | Orc:1    | 25219 ||| INVOKING Brothers in Arms.
 25220 | Orc:1    | 25220 ||| INVOKING Brothers in Arms.
 25225 | Orc:1    | 25225 ||| INVOKING Trog's Hand.
 25227 | Orc:1    | 25227 ||| INVOKING Berserk.
 25231 | Orc:1    | Killed Erica
 25235 | Orc:1    | Reached skill level 12 in Shields
 25236 | Orc:1    | Noticed Sonja
 25251 | Orc:1    | 25251 ||| INVOKING Brothers in Arms.
 25263 | Orc:1    | Killed Sonja
 25272 | Orc:1    | 25272 ||| INVOKING Trog's Hand.
 25434 | Orc:1    | Found Istaz's Antique Armour Shoppe.
 25444 | Orc:1    | 25444 ||| BUYING glowing hat (196 gold).
 25444 | Orc:1    | Bought a glowing hat for 196 gold pieces
 25585 | Orc:1    | 25585 ||| DROPPING +1 hat.
 25594 | Orc:2    | Entered Level 2 of the Orcish Mines
 25675 | Orc:2    | Found a staircase to the Elven Halls.
 25765 | Orc:2    | 25765 ||| INVOKING Trog's Hand.
 25770 | Orc:2    | 25770 ||| INVOKING Berserk.
 25789 | Orc:2    | 25789 ||| INVOKING Brothers in Arms.
 25793 | Orc:2    | Reached skill level 13 in Shields
 25793 | Orc:2    | Reached XP level 16. HP: 149/163 MP: 15/15
 25824 | Orc:2    | 25824 ||| FLEEEEING.
 25908 | Orc:2    | Found a runed translucent door.
 25971 | Orc:2    | 25971 ||| Stepping ~*~*~tactically~*~*~ (hiding).
 25976 | Orc:2    | 25976 ||| INVOKING Brothers in Arms.
 25977 | Orc:2    | 25977 ||| INVOKING Trog's Hand.
 25978 | Orc:2    | 25978 ||| INVOKING Berserk.
 26016 | Orc:2    | 26016 ||| INVOKING Trog's Hand.
 26020 | Orc:2    | 26020 ||| INVOKING Brothers in Arms.
 26021 | Orc:2    | 26021 ||| INVOKING Brothers in Arms.
 26022 | Orc:2    | 26022 ||| INVOKING Brothers in Arms.
 26030 | Orc:2    | 26030 ||| INVOKING Berserk.
 26041 | Orc:2    | Found Peupinill's General Store.
 26041 | Orc:2    | Found Zaenul's Magic Scroll Shop.
 26186 | Orc:2    | Found Xumiryaw's Antique Armour Emporium.
 26186 | Orc:2    | Found Mopieq's Distillery.
 26192 | Orc:2    | 26192 ||| BUYING +2 plate armour of poison resistance (555
                  | gold).
 26192 | Orc:2    | Bought a +2 plate armour of poison resistance for 555 gold
                  | pieces
 26192 | Orc:2    | 26192 ||| BUYING potion of curing (45 gold).
 26192 | Orc:2    | Bought a potion of curing for 45 gold pieces
 26192 | Orc:2    | 26192 ||| BUYING potion of curing (45 gold).
 26192 | Orc:2    | Bought a potion of curing for 45 gold pieces
 26194 | Orc:2    | 26194 ||| SHOPLISTING distressingly furry crystal plate
                  | armour (2465 gold, have 1807).
 26194 | Orc:2    | 26194 ||| BUYING pair of runed gloves (217 gold).
 26194 | Orc:2    | Bought a pair of runed gloves for 217 gold pieces
 26195 | Orc:2    | 26195 ||| BUYING potion of haste (100 gold).
 26195 | Orc:2    | Bought a potion of haste for 100 gold pieces
 26195 | Orc:2    | 26195 ||| BUYING potion of might (40 gold).
 26195 | Orc:2    | Bought a potion of might for 40 gold pieces
 26197 | Orc:2    | 26197 ||| BUYING scroll of identify (32 gold).
 26197 | Orc:2    | Bought a scroll of identify for 32 gold pieces
 26197 | Orc:2    | 26197 ||| BUYING scroll of identify (32 gold).
 26197 | Orc:2    | Bought a scroll of identify for 32 gold pieces
 26197 | Orc:2    | 26197 ||| BUYING scroll of teleportation (48 gold).
 26197 | Orc:2    | Bought a scroll of teleportation for 48 gold pieces
 26197 | Orc:2    | 26197 ||| BUYING scroll of teleportation (48 gold).
 26197 | Orc:2    | Bought a scroll of teleportation for 48 gold pieces
 26541 | Orc:2    | 26541 ||| DROPPING +0 plate armour.
 26542 | Orc:2    | 26542 ||| UPGRADING to +2 plate armour of poison
                  | resistance.
 26552 | Orc:2    | 26552 ||| DROPPING +1 chain mail of poison resistance.
 26553 | Orc:2    | 26553 ||| DROPPING +2 pair of gloves.
 26792 | Orc:1    | 26792 ||| Stepping ~*~*~tactically~*~*~ (stealth).
 26793 | Orc:1    | 26793 ||| Stepping ~*~*~tactically~*~*~ (stealth).
 26838 | Orc:1    | 26838 ||| PLANNING SPIDER:1-3
 26931 | Spider:1 | Entered Level 1 of the Spider Nest
 26982 | Spider:1 | 26982 ||| Stepping ~*~*~tactically~*~*~ (stealth).
 27094 | Spider:1 | 27094 ||| INVOKING Brothers in Arms.
 27105 | Spider:1 | 27105 ||| INVOKING Brothers in Arms.
 27107 | Spider:1 | 27107 ||| INVOKING Brothers in Arms.
 27122 | Spider:1 | 27122 ||| INVOKING Brothers in Arms.
 27269 | Spider:1 | 27269 ||| INVOKING Brothers in Arms.
 27272 | Spider:1 | 27272 ||| INVOKING Berserk.
 27487 | Spider:1 | 27487 ||| DROPPING amulet of magic regeneration.
 27498 | Spider:2 | 27498 ||| STAIRDANCE
 27503 | Spider:2 | 27503 ||| STAIRDANCE
 27511 | Spider:2 | 27511 ||| INVOKING Brothers in Arms.
 27558 | Spider:2 | 27558 ||| Stepping ~*~*~tactically~*~*~ (stealth).
 27566 | Spider:2 | Reached skill level 12 in Armour
 27572 | Spider:2 | Reached skill level 14 in Shields
 27573 | Spider:2 | 27573 ||| INVOKING Berserk.
 27608 | Spider:2 | 27608 ||| INVOKING Brothers in Arms.
 27711 | Spider:2 | 27711 ||| Stepping ~*~*~tactically~*~*~ (stealth).
 27734 | Spider:2 | 27734 ||| Stepping ~*~*~tactically~*~*~ (stealth).
 27744 | Spider:2 | 27744 ||| Stepping ~*~*~tactically~*~*~ (stealth).
 27745 | Spider:2 | 27745 ||| Stepping ~*~*~tactically~*~*~ (stealth).
 27748 | Spider:2 | 27748 ||| INVOKING Brothers in Arms.
 27749 | Spider:2 | 27749 ||| INVOKING Brothers in Arms.
 27750 | Spider:2 | 27750 ||| INVOKING Brothers in Arms.
 27751 | Spider:2 | 27751 ||| INVOKING Berserk.
 27970 | Spider:2 | 27970 ||| INVOKING Berserk.
 27979 | Spider:2 | Found a frozen archway.
 28573 | Spider:3 | Reached skill level 15 in Shields
 28748 | Spider:3 | 28748 ||| Stepping ~*~*~tactically~*~*~ (hiding).
 28756 | Spider:3 | 28756 ||| Stepping ~*~*~tactically~*~*~ (stealth).
 28848 | Spider:3 | 28848 ||| INVOKING Berserk.
 29064 | Spider:3 | 29064 ||| INVOKING Berserk.
 29204 | Spider:3 | 29204 ||| Stepping ~*~*~tactically~*~*~ (stealth).
 29218 | Spider:3 | 29218 ||| Stepping ~*~*~tactically~*~*~ (stealth).
 29239 | Spider:3 | 29239 ||| Stepping ~*~*~tactically~*~*~ (stealth).
 29240 | Spider:3 | 29240 ||| Stepping ~*~*~tactically~*~*~ (stealth).
 29241 | Spider:3 | 29241 ||| Stepping ~*~*~tactically~*~*~ (stealth).
 29247 | Spider:3 | 29247 ||| Stepping ~*~*~tactically~*~*~ (hiding).
 29251 | Spider:3 | 29251 ||| Stepping ~*~*~tactically~*~*~ (stealth).
 29252 | Spider:3 | 29252 ||| Stepping ~*~*~tactically~*~*~ (stealth).
 29253 | Spider:3 | 29253 ||| Stepping ~*~*~tactically~*~*~ (stealth).
 29276 | Spider:3 | 29276 ||| Stepping ~*~*~tactically~*~*~ (stealth).
 29277 | Spider:3 | 29277 ||| Stepping ~*~*~tactically~*~*~ (stealth).
 29279 | Spider:3 | 29279 ||| Stepping ~*~*~tactically~*~*~ (stealth).
 29280 | Spider:3 | 29280 ||| Stepping ~*~*~tactically~*~*~ (stealth).
 29390 | Spider:3 | 29390 ||| Stepping ~*~*~tactically~*~*~ (stealth).
 29469 | Spider:3 | 29469 ||| INVOKING Brothers in Arms.
 29508 | Spider:3 | 29508 ||| INVOKING Berserk.
 29982 | Spider:3 | 29982 ||| PLANNING SWAMP:1-3
 30072 | Swamp:1  | Entered Level 1 of the Swamp
 30082 | Swamp:1  | 30082 ||| Stepping ~*~*~tactically~*~*~ (water).
 30084 | Swamp:1  | Reached skill level 15 in Armour
 30128 | Swamp:1  | Reached XP level 17. HP: 143/170 MP: 16/16
 30224 | Swamp:1  | 30224 ||| INVOKING Berserk.
 30280 | Swamp:1  | 30280 ||| Stepping ~*~*~tactically~*~*~ (water).
 30280 | Swamp:1  | Paralysed by a hornet for 1 turns
 30319 | Swamp:1  | 30319 ||| Stepping ~*~*~tactically~*~*~ (stealth).
 30320 | Swamp:1  | 30320 ||| Stepping ~*~*~tactically~*~*~ (stealth).
 30341 | Swamp:1  | 30341 ||| Stepping ~*~*~tactically~*~*~ (hiding).
 30350 | Swamp:1  | 30350 ||| Stepping ~*~*~tactically~*~*~ (stealth).
 30359 | Swamp:1  | 30359 ||| INVOKING Berserk.
 30509 | Swamp:1  | Reached skill level 16 in Shields
 30641 | Swamp:1  | 30641 ||| READING scroll of enchant armour.
 30641 | Swamp:1  | 30641 ||| ENCHANTING +1 hat.
 30717 | Swamp:1  | 30717 ||| Stepping ~*~*~tactically~*~*~ (stealth).
 30720 | Swamp:1  | 30720 ||| Stepping ~*~*~tactically~*~*~ (hiding).
 30721 | Swamp:1  | 30721 ||| Stepping ~*~*~tactically~*~*~ (hiding).
 31014 | Swamp:1  | 31014 ||| READING scroll labelled CIMUMU CODGHUT.
 31127 | Swamp:2  | Noticed Louise
 31128 | Swamp:2  | 31128 ||| Stepping ~*~*~tactically~*~*~ (hiding).
 31129 | Swamp:2  | 31129 ||| Stepping ~*~*~tactically~*~*~ (hiding).
 31130 | Swamp:2  | 31130 ||| Stepping ~*~*~tactically~*~*~ (hiding).
 31131 | Swamp:2  | 31131 ||| Stepping ~*~*~tactically~*~*~ (hiding).
 31133 | Swamp:2  | 31133 ||| INVOKING Trog's Hand.
 31152 | Swamp:2  | Killed Louise
 31237 | Swamp:2  | 31237 ||| Stepping ~*~*~tactically~*~*~ (stealth).
 31345 | Swamp:2  | 31345 ||| Stepping ~*~*~tactically~*~*~ (hiding).
 31552 | Swamp:2  | 31552 ||| Stepping randomly (cloudy).
 31554 | Swamp:2  | 31554 ||| Stepping ~*~*~tactically~*~*~ (water).
 31563 | Swamp:2  | Reached skill level 6 in Throwing
 31606 | Swamp:2  | 31606 ||| INVOKING Berserk.
 31772 | Swamp:2  | 31772 ||| Stepping ~*~*~tactically~*~*~ (water).
 32043 | Swamp:2  | 32043 ||| UPGRADING to +0 tower shield.
 32053 | Swamp:2  | 32053 ||| DROPPING +0 kite shield.
 32116 | Swamp:3  | 32116 ||| Stepping ~*~*~tactically~*~*~ (hiding).
 32120 | Swamp:3  | 32120 ||| Stepping ~*~*~tactically~*~*~ (hiding).
 32225 | Swamp:3  | 32225 ||| FLEEEEING.
 32226 | Swamp:3  | 32226 ||| FLEEEEING.
 32339 | Swamp:3  | 32339 ||| Stepping randomly (cloudy).
 32340 | Swamp:3  | 32340 ||| Stepping randomly (cloudy).
 32341 | Swamp:3  | 32341 ||| Stepping randomly (cloudy).
 32343 | Swamp:3  | 32343 ||| Stepping ~*~*~tactically~*~*~ (cloud).
 32344 | Swamp:3  | 32344 ||| INVOKING Brothers in Arms.
 32345 | Swamp:3  | 32345 ||| INVOKING Brothers in Arms.
 32346 | Swamp:3  | 32346 ||| INVOKING Brothers in Arms.
 32347 | Swamp:3  | 32347 ||| Stepping ~*~*~tactically~*~*~ (water).
 32348 | Swamp:3  | 32348 ||| INVOKING Berserk.
 32521 | Swamp:3  | 32521 ||| Stepping ~*~*~tactically~*~*~ (hiding).
 32882 | Swamp:3  | 32882 ||| PLANNING SPIDER:4
 33004 | Spider:3 | 33004 ||| Stepping ~*~*~tactically~*~*~ (stealth).
 33020 | Spider:4 | Entered Level 4 of the Spider Nest
 33023 | Spider:4 | 33023 ||| STAIRDANCE
 33030 | Spider:4 | 33030 ||| STAIRDANCE
 33048 | Spider:4 | 33048 ||| STAIRDANCE
 33059 | Spider:4 | 33059 ||| STAIRDANCE
 33061 | Spider:3 | 33061 ||| INVOKING Berserk.
 33176 | Spider:4 | 33176 ||| STAIRDANCE
 33183 | Spider:3 | Reached skill level 17 in Shields
 33198 | Spider:4 | 33198 ||| STAIRDANCE
 33232 | Spider:4 | 33232 ||| STAIRDANCE
 33236 | Spider:4 | 33236 ||| STAIRDANCE
 33247 | Spider:4 | 33247 ||| STAIRDANCE
 33253 | Spider:4 | 33253 ||| DRINKING 2 potions of resistance.
 33254 | Spider:4 | 33254 ||| INVOKING Brothers in Arms.
 33261 | Spider:4 | 33261 ||| INVOKING Berserk.
 33296 | Spider:4 | 33296 ||| Stepping ~*~*~tactically~*~*~ (stealth).
 33298 | Spider:4 | 33298 ||| INVOKING Brothers in Arms.
 33302 | Spider:4 | 33302 ||| INVOKING Brothers in Arms.
 33307 | Spider:4 | 33307 ||| INVOKING Berserk.
 33335 | Spider:4 | 33335 ||| Stepping ~*~*~tactically~*~*~ (stealth).
 33345 | Spider:4 | 33345 ||| FLEEEEING.
 33346 | Spider:4 | 33346 ||| FLEEEEING.
 33347 | Spider:4 | 33347 ||| FLEEEEING.
 33348 | Spider:4 | 33348 ||| FLEEEEING.
 33349 | Spider:4 | 33349 ||| FLEEEEING.
 33350 | Spider:4 | 33350 ||| FLEEEEING.
 33352 | Spider:4 | 33352 ||| STAIRDANCE
 33488 | Spider:4 | 33488 ||| INVOKING Berserk.
 33549 | Spider:4 | 33549 ||| Stepping ~*~*~tactically~*~*~ (stealth).
 33550 | Spider:4 | 33550 ||| Stepping ~*~*~tactically~*~*~ (stealth).
 33553 | Spider:4 | 33553 ||| Stepping ~*~*~tactically~*~*~ (stealth).
 33554 | Spider:4 | 33554 ||| INVOKING Berserk.
 33595 | Spider:4 | 33595 ||| FLEEEEING.
 33596 | Spider:4 | 33596 ||| FLEEEEING.
 33597 | Spider:4 | 33597 ||| FLEEEEING.
 33598 | Spider:4 | 33598 ||| FLEEEEING.
 33599 | Spider:4 | 33599 ||| FLEEEEING.
 33600 | Spider:4 | 33600 ||| FLEEEEING.
 33601 | Spider:4 | 33601 ||| FLEEEEING.
 33602 | Spider:4 | 33602 ||| FLEEEEING.
 33603 | Spider:4 | 33603 ||| FLEEEEING.
 33604 | Spider:4 | 33604 ||| STAIRDANCE
 33712 | Spider:4 | 33712 ||| STAIRDANCE
 33765 | Spider:4 | 33765 ||| Stepping ~*~*~tactically~*~*~ (stealth).
 33781 | Spider:4 | Reached skill level 18 in Shields
 33781 | Spider:4 | 33781 ||| Stepping ~*~*~tactically~*~*~ (stealth).
 33810 | Spider:4 | 33810 ||| INVOKING Brothers in Arms.
 33812 | Spider:4 | Noticed Arachne
 33824 | Spider:4 | Killed Arachne
 33827 | Spider:4 | 33827 ||| INVOKING Berserk.
 33846 | Spider:4 | 33846 ||| INVOKING Brothers in Arms.
 33885 | Spider:4 | 33885 ||| Stepping ~*~*~tactically~*~*~ (stealth).
 34118 | Spider:4 | 34118 ||| Stepping ~*~*~tactically~*~*~ (stealth).
 34224 | Spider:4 | 34224 ||| Stepping ~*~*~tactically~*~*~ (stealth).
 34225 | Spider:4 | 34225 ||| Stepping ~*~*~tactically~*~*~ (stealth).
 34247 | Spider:4 | Got a gossamer rune of Zot
 34253 | Spider:4 | 34253 ||| INVOKING Brothers in Arms.
 34254 | Spider:4 | 34254 ||| INVOKING Brothers in Arms.
 34255 | Spider:4 | 34255 ||| INVOKING Brothers in Arms.
 34256 | Spider:4 | 34256 ||| INVOKING Brothers in Arms.
 34294 | Spider:4 | 34294 ||| INVOKING Brothers in Arms.
 34295 | Spider:4 | 34295 ||| INVOKING Brothers in Arms.
 34302 | Spider:4 | 34302 ||| INVOKING Brothers in Arms.
 34303 | Spider:4 | 34303 ||| INVOKING Brothers in Arms.
 34304 | Spider:4 | 34304 ||| INVOKING Brothers in Arms.
 34311 | Spider:4 | 34311 ||| INVOKING Brothers in Arms.
 34326 | Spider:4 | 34326 ||| INVOKING Brothers in Arms.
 34330 | Spider:4 | 34330 ||| INVOKING Berserk.
 34333 | Spider:4 | Reached skill level 9 in Throwing
 34345 | Spider:4 | 34345 ||| FLEEEEING.
 34346 | Spider:4 | 34346 ||| READING 7 scrolls of teleportation.
 34347 | Spider:4 | 34347 ||| FLEEEEING.
 34349 | Spider:4 | 34349 ||| FLEEEEING.
 34406 | Spider:4 | 34406 ||| Stepping ~*~*~tactically~*~*~ (stealth).
 34407 | Spider:4 | 34407 ||| Stepping ~*~*~tactically~*~*~ (stealth).
 34417 | Spider:4 | 34417 ||| Stepping ~*~*~tactically~*~*~ (stealth).
 34419 | Spider:4 | 34419 ||| Stepping ~*~*~tactically~*~*~ (stealth).
 34422 | Spider:4 | 34422 ||| Stepping ~*~*~tactically~*~*~ (stealth).
 34423 | Spider:4 | 34423 ||| Stepping ~*~*~tactically~*~*~ (stealth).
 34426 | Spider:4 | 34426 ||| INVOKING Berserk.
 34491 | Spider:4 | 34491 ||| Stepping ~*~*~tactically~*~*~ (stealth).
 34561 | Spider:4 | 34561 ||| Stepping ~*~*~tactically~*~*~ (stealth).
 34574 | Spider:4 | 34574 ||| Stepping ~*~*~tactically~*~*~ (hiding).
 34591 | Spider:4 | Reached XP level 18. HP: 176/177 MP: 17/17
 34805 | Spider:4 | 34805 ||| PLANNING VAULTS:1-4
 34805 | Spider:4 | 34805 ||| DROPPING amulet of the acrobat.
 35058 | Vaults:1 | Entered Level 1 of the Vaults
 35154 | Vaults:1 | Paralysed by an orc sorcerer for 2 turns
 35164 | Vaults:1 | Reached skill level 19 in Shields
 35170 | Vaults:1 | 35170 ||| INVOKING Berserk.
 35273 | Vaults:1 | 35273 ||| Stepping ~*~*~tactically~*~*~ (stealth).
 35274 | Vaults:1 | 35274 ||| Stepping ~*~*~tactically~*~*~ (stealth).
 35282 | Vaults:1 | 35282 ||| DRINKING potion of resistance.
 35285 | Vaults:1 | 35285 ||| INVOKING Trog's Hand.
 35317 | Vaults:1 | 35317 ||| Stepping ~*~*~tactically~*~*~ (stealth).
 35319 | Vaults:1 | 35319 ||| Stepping ~*~*~tactically~*~*~ (stealth).
 35321 | Vaults:1 | 35321 ||| Stepping ~*~*~tactically~*~*~ (stealth).
 35358 | Vaults:1 | 35358 ||| INVOKING Berserk.
 35693 | Vaults:1 | 35693 ||| INVOKING Trog's Hand.
 35702 | Vaults:1 | 35702 ||| INVOKING Berserk.
 35837 | Vaults:1 | 35837 ||| Stepping ~*~*~tactically~*~*~ (stealth).
 35838 | Vaults:1 | 35838 ||| INVOKING Berserk.
 35935 | Vaults:1 | 35935 ||| INVOKING Berserk.
 35964 | Vaults:1 | 35964 ||| INVOKING Brothers in Arms.
 36031 | Vaults:1 | Found Upoetub's Magic Scroll Shoppe.
 36080 | Vaults:1 | 36080 ||| BUYING scroll of brand weapon (133 gold).
 36080 | Vaults:1 | Bought a scroll of brand weapon for 133 gold pieces
 36080 | Vaults:1 | 36080 ||| BUYING scroll of enchant armour (105 gold).
 36080 | Vaults:1 | Bought a scroll of enchant armour for 105 gold pieces
 36080 | Vaults:1 | 36080 ||| READING scroll of enchant armour.
 36080 | Vaults:1 | 36080 ||| ENCHANTING +0 pair of boots.
 36199 | Vaults:1 | Found Suosog's Antique Weapon Shop.
 36253 | Vaults:1 | 36253 ||| Stepping ~*~*~tactically~*~*~ (hiding).
 36286 | Vaults:1 | 36286 ||| Stepping ~*~*~tactically~*~*~ (hiding).
 36289 | Vaults:1 | 36289 ||| Stepping ~*~*~tactically~*~*~ (hiding).
 36490 | Vaults:1 | Found Tudig's Antique Weapon Boutique.
 36547 | Vaults:1 | Reached skill level 20 in Shields
 36976 | Vaults:1 | 36976 ||| UPGRADING to amulet of reflection.
 36986 | Vaults:1 | 36986 ||| DROPPING amulet of regeneration.
 37020 | Vaults:2 | 37020 ||| INVOKING Trog's Hand.
 37026 | Vaults:2 | 37026 ||| Stepping ~*~*~tactically~*~*~ (hiding).
 37033 | Vaults:2 | 37033 ||| INVOKING Brothers in Arms.
 37035 | Vaults:2 | 37035 ||| INVOKING Brothers in Arms.
 37044 | Vaults:2 | 37044 ||| INVOKING Berserk.
 37059 | Vaults:2 | 37059 ||| FLEEEEING.
 37060 | Vaults:2 | 37060 ||| STAIRDANCE
 37225 | Vaults:2 | 37225 ||| Stepping ~*~*~tactically~*~*~ (stealth).
 37343 | Vaults:2 | 37343 ||| FLEEEEING.
 37344 | Vaults:2 | 37344 ||| FLEEEEING.
 37345 | Vaults:2 | 37345 ||| FLEEEEING.
 37346 | Vaults:2 | 37346 ||| FLEEEEING.
 37347 | Vaults:2 | 37347 ||| FLEEEEING.
 37348 | Vaults:2 | 37348 ||| FLEEEEING.
 37349 | Vaults:2 | 37349 ||| FLEEEEING.
 37350 | Vaults:2 | 37350 ||| FLEEEEING.
 37351 | Vaults:2 | 37351 ||| FLEEEEING.
 37352 | Vaults:2 | 37352 ||| FLEEEEING.
 37353 | Vaults:2 | 37353 ||| STAIRDANCE
 37357 | Vaults:2 | 37357 ||| STAIRDANCE
 37362 | Vaults:2 | 37362 ||| STAIRDANCE
 37387 | Vaults:2 | 37387 ||| STAIRDANCE
 37389 | Vaults:1 | 37389 ||| INVOKING Brothers in Arms.
 37390 | Vaults:1 | 37390 ||| INVOKING Berserk.
 37499 | Vaults:2 | 37499 ||| INVOKING Berserk.
 37522 | Vaults:2 | 37522 ||| INVOKING Trog's Hand.
 37551 | Vaults:2 | 37551 ||| INVOKING Trog's Hand.
 37582 | Vaults:2 | 37582 ||| Stepping ~*~*~tactically~*~*~ (stealth).
 37584 | Vaults:2 | 37584 ||| Stepping ~*~*~tactically~*~*~ (stealth).
 37587 | Vaults:2 | 37587 ||| Stepping ~*~*~tactically~*~*~ (stealth).
 37601 | Vaults:2 | 37601 ||| INVOKING Berserk.
 37771 | Vaults:2 | 37771 ||| Stepping ~*~*~tactically~*~*~ (stealth).
 37772 | Vaults:2 | 37772 ||| Stepping ~*~*~tactically~*~*~ (stealth).
 37774 | Vaults:2 | 37774 ||| Stepping ~*~*~tactically~*~*~ (hiding).
 37781 | Vaults:2 | 37781 ||| Stepping ~*~*~tactically~*~*~ (hiding).
 37931 | Vaults:2 | Identified the +0 ring mail of Defence {Str+2}
 37973 | Vaults:2 | 37973 ||| Stepping ~*~*~tactically~*~*~ (stealth).
 38189 | Vaults:2 | 38189 ||| INVOKING Trog's Hand.
 38209 | Vaults:2 | 38209 ||| Stepping ~*~*~tactically~*~*~ (hiding).
 38286 | Vaults:2 | 38286 ||| Stepping ~*~*~tactically~*~*~ (stealth).
 38472 | Vaults:2 | 38472 ||| INVOKING Trog's Hand.
 38473 | Vaults:2 | 38473 ||| Stepping ~*~*~tactically~*~*~ (hiding).
 38530 | Vaults:2 | 38530 ||| Stepping ~*~*~tactically~*~*~ (hiding).
 38533 | Vaults:2 | 38533 ||| Stepping ~*~*~tactically~*~*~ (hiding).
 38535 | Vaults:2 | 38535 ||| INVOKING Brothers in Arms.
 38536 | Vaults:2 | 38536 ||| INVOKING Berserk.
 38586 | Vaults:2 | 38586 ||| Stepping ~*~*~tactically~*~*~ (stealth).
 38589 | Vaults:2 | 38589 ||| INVOKING Berserk.
 38912 | Vaults:2 | 38912 ||| Stepping ~*~*~tactically~*~*~ (stealth).
 38915 | Vaults:2 | 38915 ||| Stepping ~*~*~tactically~*~*~ (hiding).
 38916 | Vaults:2 | 38916 ||| Stepping ~*~*~tactically~*~*~ (hiding).
 39003 | Vaults:2 | 39003 ||| DROPPING +6 ring of intelligence.
 39097 | Vaults:3 | 39097 ||| Stepping ~*~*~tactically~*~*~ (stealth).
 39099 | Vaults:3 | 39099 ||| Stepping ~*~*~tactically~*~*~ (stealth).
 39104 | Vaults:3 | 39104 ||| Stepping ~*~*~tactically~*~*~ (hiding).
 39106 | Vaults:3 | 39106 ||| INVOKING Trog's Hand.
 39113 | Vaults:3 | Reached XP level 19. HP: 185/185 MP: 18/18
 39198 | Vaults:3 | 39198 ||| INVOKING Berserk.
 39209 | Vaults:3 | Reached skill level 18 in Armour
 39343 | Vaults:3 | Noticed Boris
 39345 | Vaults:3 | 39345 ||| INVOKING Berserk.
 39356 | Vaults:3 | Killed Boris
 39655 | Vaults:3 | 39655 ||| INVOKING Trog's Hand.
 39662 | Vaults:3 | 39662 ||| INVOKING Berserk.
 39844 | Vaults:3 | Reached skill level 21 in Shields
 39870 | Vaults:3 | Identified the +4 robe of the Boiling Point {rF+ MP+9
                  | Dex-3}
 39878 | Vaults:3 | 39878 ||| Stepping ~*~*~tactically~*~*~ (hiding).
 39882 | Vaults:3 | 39882 ||| INVOKING Brothers in Arms.
 39883 | Vaults:3 | 39883 ||| INVOKING Brothers in Arms.
 39884 | Vaults:3 | 39884 ||| INVOKING Berserk.
 39893 | Vaults:3 | Noticed Mennas
 39893 | Vaults:3 | 39893 ||| INVOKING Trog's Hand.
 39902 | Vaults:3 | HP: 30/187 [Mennas/+5 sacred scourge of holy wrath (23)]
 39903 | Vaults:3 | 39903 ||| DRINKING 3 potions of heal wounds.
 39904 | Vaults:3 | 39904 ||| DRINKING 2 potions of heal wounds.
 39905 | Vaults:3 | 39905 ||| DRINKING potion of heal wounds.
 39905 | Vaults:3 | HP: 1/187 [crystal guardian/crystal bolt[a peacekeeper]
                  | (42)]
 39905 | Vaults:3 | Slain by a vampire knight

Levels and vault maps discovered:
D:1:      noname_arrival_rooms_in_the_neighbourhood, layout_basic,
          shapermc_ecumenical_altar_ellora
D:2:      layout_rooms, basic_altar, nicolae_grassy_gnolls
D:3:      layout_rooms, mainiacjoe_overflow_cross_hatched, serial_curves,
          eino_curves_01, eino_curves_03, eino_curves_04, st_stairs_2,
          hangedman_decor_points, minmay_starry_boxes
D:4:      layout_loops_ring, grunt_dithmenos_smoke, nicolae_uskayaw_dance_hall,
          tso_oasis_becter, cheibrodos_sewer_entry_bend, kennysheep_potato
D:5:      layout_cave_pods, minmay_parallelograms, serial_bayou_ford_a,
          uniq_menkaure
D:6:      layout_gridville, mainiacjoe_overflow_concentric_impassable,
          minmay_temple_entry_mist, uniq_eustachio, uniq_grinder
D:7:      layout_loops_corners, yredelemnul_forgotten_temple_becter,
          mainiacjoe_overflow_24_doors, gammafunk_ghost_abyssal_escape,
          amcnicky_mini_corridor_feature, dk_noncrumbling_4, uniq_prince_ribbit1
D:8:      layout_loops_corners, lemuel_crystal_altar, general_overflow_altar,
          serial_shops, shop, uniq_gastronok, uniq_joseph
D:9:      layout_small_grid, enter_bailey_5, gammafunk_ghost_cemetery
D:10:     layout_layer_cave, minmay_fractal_squares_gapless_7, uniq_amaemon
D:11:     layout_basic, minmay_lair_entry_grove, erik_orc_4,
          hangedman_minor_magic
D:12:     layout_stronghold, kennysheep_generic_room_4
D:13:     layout_roguey, minivault_16, uniq_kirke, uniq_lodul, uniq_frances
D:14:     layout_roguey, ximxim_vaults_locker_room, uniq_josephine, uniq_jorgrun
D:15:     grunt_enter_depths_hoard, layout_basic, serial_shops, shop,
          solitary_fountain
Lair:1:   layout_gridlike, special_room [special_room_bee], serial_bayou_pond_a,
          minmay_lair_oklob_items
Lair:2:   layout_regular_city
Lair:3:   layout_chaotic_city, nicolae_swamp_entry_splash_gauntlet,
          spider_nest_entry_web_field, eino_house_with_fridge
Lair:4:   nzn_winding_woodlands_large [nzn_winding_woodlands_5x5_perimeter,
          nzn_winding_woodlands_5x15_jagged,
          nzn_winding_woodlands_5x5_open_star,
          nzn_winding_woodlands_center_pierced_h,
          nzn_winding_woodlands_15x15_thick_spiral,
          nzn_winding_woodlands_center_triple_pond,
          nzn_winding_woodlands_hourglass, nzn_winding_woodlands_5x15_parted,
          nzn_winding_woodlands_5x5_closed_star], layout_cave_pods,
          mumra_transporter_accident, chequers_serial_rivers_small_a,
          fungi_pond_lemuel, disabler_island
Lair:5:   hangedman_lair_tendril_chambers, layout_layer_cave,
          minmay_slime_entry_oklob_open, st_stairs_5
Swamp:1:  layout_basic_swamp, evilmike_swamp_ruin_rubble_2, swamp_pool5
Swamp:2:  layout_basic_swamp, nicolae_swamp_dense_foliage, swamp_pool5,
          nicolae_swamp_small_spring, uniq_louise
Swamp:3:  nicolae_swamp_ascending_descending_big, layout_basic_swamp,
          infiniplex_staircase_pool
Spider:1: layout_spider_delve, hangedman_spider_tarantella_strand
Spider:2: layout_spider_delve, portal_ice_cave_entry_ugly_swarm,
          nicolae_spider_cling_halls
Spider:3: layout_chambers
Spider:4: johnstein_spider_rune_arachne_lair, uniq_arachne
Orc:1:    layout_diamond_mine, serial_shops, shop, uniq_erica, uniq_sonja
Orc:2:    grunt_orc_tribal_feast, layout_caves, lightli_church_of_beogh
Vaults:1: nicolae_vaults_network_square, hangedman_vaults_trim,
          vaults_room_door_ring, nicolae_vaults_little_squares_5,
          vaults_standard_mumra_x, v_misc_31, vaults_room_hallway,
          grunt_vaults_hallway_short, ontoclasm_vaults_pinch,
          layout_vaults_chaotic_city, serial_shops, nicolae_shop_statue_plus,
          shop_fountains, shop
Vaults:2: nicolae_vaults_mini_display_case, vaults_mumra_hexcomb,
          grunt_vaults_diagonal, grunt_vaults_focal,
          nicolae_vaults_network_periphery, v_misc_10,
          nicolae_vaults_three_branches, ontoclasm_vaults_spin,
          ontoclasm_vaults_idyll, layout_vaults_ring
Vaults:3: minmay_crypt_entry_simple_round, v_misc_11, v_misc_4,
          vaults_room_hangedman_quadrants, vaults_room_fours, v_misc_28,
          vaults_dpeg_encased_lava, hangedman_vaults_snaps,
          ontoclasm_vaults_bender, vaults_room_pools,
          nicolae_vaults_diagonal_hallway_9, vaults_mumra_hex,
          layout_vaults_maze_snakey, uniq_asterion, uniq_boris, uniq_mennas

Skill      XL: |  1  2  3  4  5  6  7  8  9 10 11 12 13 14 15 16 17 18 19 |
---------------+----------------------------------------------------------+-----
Axes           | 4 5 6 7 8 9 10 12 14 15 18 | 18.1
Fighting       | 4 5 7 8 10 11 15 17 20 | 20.6
Armour         | 4 6 7 8 10 15 17 18 | 18.0
Throwing       | 1 2 3 4 5 9 11 | 11.0
Dodging        | 3 4 6 9 11 12 13 | 13.0
Shields        | 13 15 18 20 21 | 21.0

Action                   |  1- 3 |  4- 6 |  7- 9 | 10-12 | 13-15 | 16-18 | 19-21 || total
-------------------------+-------+-------+-------+-------+-------+-------+-------++-------
Melee: Hand axe          |    40 |    78 |    64 |       |       |       |       ||   182
       Headbutt          |     4 |     8 |    17 |    47 |   164 |   305 |    30 ||   575
       Broad axe         |       |       |    76 |   295 |   691 |  1111 |    86 ||  2259
       Punch             |       |       |       |     4 |     6 |       |       ||    10
Throw: Boomerang         |    32 |    37 |    60 |   131 |   158 |   101 |     1 ||   520
       Javelin           |       |       |       |       |       |    57 |     5 ||    62
Invok: Berserk           |     2 |     7 |    11 |    17 |    25 |    32 |     4 ||    98
       Trog's Hand       |       |       |     1 |       |     4 |    11 |     2 ||    18
       Brothers in Arms  |       |       |       |     1 |    11 |    25 |     1 ||    38
  Use: Scroll            |     1 |     6 |    11 |     6 |    12 |     4 |       ||    40
       Potion            |       |     1 |     2 |     2 |     2 |     2 |     3 ||    12
 Stab: Distracted        |       |       |       |       |     1 |     4 |       ||     5
Armor: Animal skin       |     5 |       |       |       |       |       |       ||     5
       Ring mail         |       |    12 |     3 |    45 |   100 |       |       ||   160
       Chain mail        |       |       |    39 |     4 |    13 |     8 |       ||    64
       Scale mail        |       |       |     5 |       |       |       |       ||     5
       Plate armour      |       |       |       |    12 |       |   388 |    43 ||   443
Dodge: Dodged            |    35 |    23 |    54 |   124 |   396 |   452 |    47 ||  1131
Block: Kite shield       |       |       |       |       |   115 |   222 |       ||   337
       Tower shield      |       |       |       |       |       |   642 |   122 ||   764
       Reflection        |       |       |       |       |       |    17 |     5 ||    22

Table legend:
 A = Non-vault XP
 B = Vault XP
 C = Vault XP percentage of total XP
 D = Non-vault monster count
 E = Vault monster count
 F = Vault count percentage of total count
                 A         B        C        D         E       F
            +---------+---------+-------+---------+---------+-------
      Total |  265680 |  140835 |  34.6 |     797 |     367 |  31.5
            +---------+---------+-------+---------+---------+-------
        D:1 |      43 |       0 |   0.0 |      28 |       0 |   0.0
        D:2 |      16 |      57 |  78.1 |       7 |       4 |  36.4
        D:3 |     113 |      11 |   8.9 |      19 |       5 |  20.8
        D:4 |     454 |       8 |   1.7 |      20 |       3 |  13.0
        D:5 |     502 |     169 |  25.2 |      22 |       1 |   4.3
        D:6 |     398 |     478 |  54.6 |      11 |       2 |  15.4
        D:7 |     805 |     260 |  24.4 |       9 |       2 |  18.2
        D:8 |    4028 |    1904 |  32.1 |      25 |       2 |   7.4
        D:9 |    1513 |       7 |   0.5 |      24 |       4 |  14.3
       D:10 |    3209 |    4069 |  55.9 |      19 |       7 |  26.9
       D:11 |    5002 |    4650 |  48.2 |      14 |      45 |  76.3
       D:12 |    4395 |      41 |   0.9 |      16 |       1 |   5.9
       D:13 |    5420 |    4924 |  47.6 |      12 |      13 |  52.0
       D:14 |   12820 |    7975 |  38.4 |      22 |      18 |  45.0
       D:15 |   12251 |    1807 |  12.9 |      27 |       2 |   6.9
     Lair:1 |    2997 |    1478 |  33.0 |      13 |      20 |  60.6
     Lair:2 |    9144 |       0 |   0.0 |      37 |       0 |   0.0
     Lair:3 |    1767 |    2637 |  59.9 |       9 |      17 |  65.4
     Lair:4 |    6673 |   13352 |  66.7 |      21 |      34 |  61.8
     Lair:5 |   15251 |   13206 |  46.4 |      38 |      42 |  52.5
    Swamp:1 |   11476 |       0 |   0.0 |      22 |       0 |   0.0
    Swamp:2 |    7210 |    1261 |  14.9 |      18 |       1 |   5.3
    Swamp:3 |    8029 |       0 |   0.0 |      15 |       0 |   0.0
   Spider:1 |    9892 |     265 |   2.6 |      21 |       1 |   4.5
   Spider:2 |   15250 |    4544 |  23.0 |      38 |       7 |  15.6
   Spider:3 |   28601 |       0 |   0.0 |      68 |       0 |   0.0
   Spider:4 |   15181 |   28033 |  64.9 |      33 |      51 |  60.7
      Orc:1 |    4023 |    1613 |  28.6 |      35 |       2 |   5.4
      Orc:2 |    3645 |    7587 |  67.5 |      24 |      30 |  55.6
   Vaults:1 |   36351 |    9563 |  20.8 |      73 |      13 |  15.1
   Vaults:2 |   21319 |   17234 |  44.7 |      32 |      24 |  42.9
   Vaults:3 |   17902 |   13702 |  43.4 |      25 |      16 |  39.0
            +---------+---------+-------+---------+---------+-------
